 Dungeon Crawl Stone Soup version 0.28.0-53-g5a82cb258f (webtiles) character file.

Game seed: 5059045794599252734

90 issech the Chopper (level 4, 0/41 HPs)
             Began as a Minotaur Monk on May 28, 2022.
             Slain by a gnoll
             ... wielding a +0 flail
              (9 damage)
             ... on level 2 of the Dungeon.
             The game lasted 00:04:26 (2009 turns).

issech the Chopper (Minotaur Monk)                  Turns: 2009, Time: 00:04:26

Health: 0/41       AC:  5    Str: 16    XL:     4   Next: 32%
Magic:  3/3        EV: 12    Int: 13    God:
Gold:   106        SH:  0    Dex: 14    Spells: 3/3 levels left

rFire   . . .      SeeInvis .   m - +0 war axe
rCold   . . .      Faith    .   (no shield)
rNeg    . . .      Spirit   .   q - +0 ring mail
rPois   .          Reflect  .   (helmet restricted)
rElec   .          Harm     .   (no cloak)
rCorr   .          Rampage  .   (no gloves)
Will    .....                   (no boots)
Stlth   +.........              (no amulet)
HPRegen 0.13/turn               s - +6 ring of intelligence
MPRegen 0.08/turn               (no ring)

@: no status effects
A: horns 2, retaliatory headbutt
a: no special abilities


You were on level 2 of the Dungeon.
You visited 1 branch of the dungeon, and saw 3 of its levels.

You collected 106 gold pieces.

Inventory:

Hand Weapons
 a - a +0 hand axe
 i - a +0 club
 m - a +0 war axe (weapon)
 n - a +0 dagger
 u - a +0 dagger
 y - a +0 rapier
Missiles
 d - 7 boomerangs (quivered)
 j - 59 stones
 o - 58 arrows
Armour
 b - a +0 robe
 q - a +0 ring mail (worn)
 v - a +0 robe
 w - a +0 leather armour
Magical Staves
 l - a staff of death
Jewellery
 s - a +6 ring of intelligence (left hand)
Scrolls
 e - a scroll of immolation {unknown}
 g - a scroll of blinking {unknown}
 h - 4 scrolls of identify {unknown}
 k - a scroll of silence {unknown}
 r - a scroll of fear {unknown}
 x - a scroll of magic mapping {unknown}
Potions
 c - a potion of brilliance {unknown}
 f - a potion of mutation {unknown}
 p - 4 potions of curing {unknown}
 t - a potion of berserk rage {unknown}
 z - a potion of resistance {unknown}


   Skills:
 + Level 4.4 Fighting
 + Level 4.8 Axes
 + Level 0.2 Armour
 + Level 3.9 Dodging
 + Level 2.0 Stealth


You had 3 spell levels left.
You didn't know any spells.
Your spell library contained the following spells:

 Spells                   Type           Power      Damage    Failure   Level
 Portal Projectile        Hex/Tloc       0%         N/A       87%         3
 Blade Hands              Tmut           0%         N/A       100%        5
 Excruciating Wounds      Necr           0%         N/A       100%        5


Dungeon Overview and Level Annotations

Branches:
Dungeon (3/15)

Altars:
Elyvilon


Innate Abilities, Weirdness & Mutations

You have a pair of horns on your head.
You reflexively headbutt those who attack you in melee.


Message History

You slash the adder!
You kill the adder!
You feel sick.
Your Stealth skill increases to level 2!
You feel sick.
You see here an adder corpse.
You start resting.
You feel sick.
You are no longer poisoned.
You start resting.
HP restored.
Found 9 gold pieces. 2 gnolls come into view.
A gnoll comes into view. It is wielding a +0 spear.
The gnoll shouts! x2
A gnoll comes into view. It is wielding a +0 whip.
The gnoll shouts!
The gnoll closely misses you.
There is a stone staircase leading up here.
The gnoll barely misses you.
You climb upwards.
There is a stone staircase leading down here.
You climb downwards.
The gnoll hits you with a +0 flail! The gnoll hits you with a +0 flail.
There is a stone staircase leading up, spattered with blood here.
The gnoll hits you from afar with a +0 spear!
The gnoll hits you with a +0 flail!
* * * LOW HITPOINT WARNING * * *
You climb upwards.
There is a stone staircase leading down here.
You see here a +0 short sword.
You see here a +0 club.
You see here a +0 short sword.
You see here a +0 club.
You see here a +0 club.
The gnoll hits you with a +0 flail!
* * * LOW HITPOINT WARNING * * *
You hit the gnoll.
The gnoll is lightly wounded.
The gnoll closely misses you. The gnoll hits you with a +0 flail!
You die...

####<..##........##..## ###
##....#....#.........######..
###..........#..#.............#
#.............#.#.###..........
#...........).#...# #.<......#.
#........>....#...# #........#.
#..........).##...#############
#..._.......###....# #...
#.......###..g@..#.##### #.♣.
#......####.###.##..÷..#####...
#.....###...# #..#####....##.♣.
###........#####.########.##...
####..#...##..........###
#..#.♣.
........#######.........#
####... ......###
#>......#.######### ....###
#.......#.....#...# ....#
#.......#####......


You could see a gnoll.

Vanquished Creatures
  Jessica (D:2)
  2 adders (D:3)
  A worm (D:2)
  A dart slug (D:3)
  3 ball pythons
  2 bats
  5 endoplasms
  A giant cockroach (D:2)
  7 goblins
  3 hobgoblins
  3 kobolds (D:1)
  3 quokkas
  2 frilled lizards
  6 rats
40 creatures vanquished.

Notes
Turn   | Place    | Note
-------+----------+-------------------------------------------
     0 | D:1      | issech the Minotaur Monk began the quest for the Orb.
     0 | D:1      | Reached XP level 1. HP: 19/19 MP: 0/0
   136 | D:1      | Found a faded altar of an unknown god.
   382 | D:1      | Reached XP level 2. HP: 24/27 MP: 1/1
  1145 | D:2      | Found a white marble altar of Elyvilon.
  1188 | D:2      | Reached XP level 3. HP: 32/33 MP: 2/2
  1539 | D:2      | Noticed Jessica
  1544 | D:2      | Killed Jessica
  1704 | D:3      | Reached XP level 4. HP: 40/41 MP: 3/3
  2009 | D:2      | Slain by a gnoll

Illustrated notes

Levels and vault maps discovered:
D:1:      wander_arrival_estate, layout_loops_corners, basic_ecumenical_altar,
          minmay_pentomino_r2
D:2:      layout_rooms, basic_altar, grunt_ministairs_3, uniq_jessica
D:3:      layout_basic, nicolae_sif_muna_little_library, corexii_shack,
          hangedman_decor_opposing, uniq_sigmund

Skill      XL: |  1  2  3  4 |
---------------+-------------+-----
Axes           | 4 |  4.8
Fighting       | 4 |  4.4
Stealth        | 2 |  2.0
Armour         | |  0.2
Dodging        | |  3.9

Action                   |  1- 3 |  4- 6 || total
-------------------------+-------+-------++-------
Melee: Hand axe          |    46 |       ||    46
       Headbutt          |     5 |     1 ||     6
       War axe           |    17 |    10 ||    27
       Punch             |     1 |       ||     1
 Stab: Sleeping          |     3 |       ||     3
Armor: Robe              |     6 |       ||     6
       Ring mail         |     2 |     2 ||     4
Dodge: Dodged            |    32 |     9 ||    41
